 Dungeon Crawl Stone Soup version 0.26.0-18-gc5c842f807 (webtiles) character file.

Game seed: 1008460746886508285

11 Gauvater the Firebug (level 2, -1/17 HPs)
             Began as an Octopode Fire Elementalist on Jan 22, 2021.
             Slain by a giant cockroach (2 damage)
             ... on level 1 of the Dungeon.
             The game lasted 00:04:49 (1130 turns).

Gauvater the Firebug (Octopode Fire Elementalist)   Turns: 1130, Time: 00:04:49

Health: -1/17      AC:  1    Str:  7    XL:     2   Next: 25%
Magic:  14/14      EV: 13    Int: 17    God:
Gold:   90         SH:  0    Dex: 12    Spells: 4/5 levels left

rFire    + + .     SeeInvis .   e - +0 spear
rCold    x . .     Faith    .   (no shield)
rNeg     . . .     Spirit   .   (helmet restricted)
rPois    .         Reflect  .   (no amulet)
rElec    .         Harm     .   c - ring of magical power
rCorr    .         Rampage  .   i - ring of protection from fire
Will     .....                  j - ring of fire
Stlth    +++.......             (no ring)
HPRegen  0.05/turn              (no ring)
MPRegen  0.14/turn              (no ring)
                                (no ring)
                                (no ring)

@: no status effects
A: almost no armour, stealthy swim, amphibious, 8 rings, constrict 8, camouflage
1, gelatinous body 1
a: no special abilities


You were on level 1 of the Dungeon.
You visited 1 branch of the dungeon, and saw 2 of its levels.

You collected 90 gold pieces.

Inventory:

Hand Weapons
 e - a +0 spear (weapon)
Missiles
 k - 16 arrows
 m - 24 bolts
Jewellery
 c - a ring of magical power (left tentacle)
 i - a ring of protection from fire (right tentacle)
 j - a ring of fire (on tentacle)
Scrolls
 a - 2 scrolls of teleportation {unknown}
 d - 2 scrolls of enchant weapon {unknown}
 l - a scroll of identify {unknown}
Potions
 b - a potion of degeneration {unknown}
 f - a potion of heal wounds {unknown}
 g - a potion of magic {unknown}
 h - a potion of mutation {unknown}


   Skills:
 + Level 2.0 Dodging
 + Level 3.1 Stealth
 + Level 2.2 Spellcasting
 + Level 1.0 Conjurations
 + Level 3.2 Fire Magic


You had 4 spell levels left.
You knew the following spells:

 Your Spells              Type           Power        Failure   Level
a - Foxfire               Conj/Fire      52%          8%          1

Your spell library contained the following spells:

 Spells                   Type           Power        Failure   Level
 Conjure Flame            Conj/Fire      13%          24%         3
 Inner Flame              Hex/Fire       11%          28%         3
 Sticky Flame             Conj/Fire      13%          61%         4
 Fireball                 Conj/Fire      6%           91%         5


Dungeon Overview and Level Annotations

Branches:
Dungeon (2/15)

Altars:


Innate Abilities, Weirdness & Mutations

You cannot wear most types of armour.
You are very stealthy in the water. (Stealth+)
You are amphibious.
You can wear up to eight rings at the same time.
You can use your tentacles to constrict eight enemies at once.
Your skin changes colour to match your surroundings (Stealth+).
Your rubbery body absorbs attacks. (AC +1, EV +1)


Message History

The giant cockroach misses you.
There is an open door here.
The giant cockroach bites you but does no damage.
The giant cockroach closely misses you.
The frilled lizard hisses.
The giant cockroach misses you.
Casting: Foxfire (safe; 8% risk of failure)
Confirm with . or Enter, or press ? or * to list all spells.
You feel a surge of power!
You conjure some foxfire!
The giant cockroach completely misses you.
The foxfire hits the giant cockroach but does no damage.
The giant cockroach is moderately wounded.
The foxfire hits the giant cockroach but does no damage.
The giant cockroach is moderately wounded.
Unknown command.
The giant cockroach bites you.
* * * LOW HITPOINT WARNING * * *
The giant cockroach closely misses you. The giant cockroach bites you.
You die...

#.#.#
#..'.......#.....#.##...
#.#.#
#..#.......#..##...##...
#.#.#
#..#...<...#..####.#####
#.#.###..#.......#..#
#.#
#.#..##..#.......#..#
#.#####
#.#......#.......+..#
#).....
#.#'###..#.......#..#
#......
#....##..######'##..#
#......
#....##......@Bl....#
#......
#....##.........(...#
##.....
#....######.#########
###... #....# ####.#####
#..) #....###........#
#... #...............#
#... #.######........#
#... #.#....#........#
#... #.#.##.#..#.#####
#...


You could see a giant cockroach and a frilled lizard.

Vanquished Creatures
  5 hobgoblins
  2 kobolds (D:1)
  3 rats
10 creatures vanquished.

Vanquished Creatures (others)
  32 foxfires
32 creatures vanquished.

Grand Total: 42 creatures vanquished

Notes
Turn   | Place    | Note
-------+----------+-------------------------------------------
     0 | D:1      | Gauvater the Octopode Fire Elementalist began the quest for
                  | the Orb.
     0 | D:1      | Reached XP level 1. HP: 11/11 MP: 3/3
   951 | D:2      | Reached XP level 2. HP: 17/17 MP: 5/5
  1130 | D:1      | Slain by a giant cockroach

Illustrated notes

Levels and vault maps discovered:
D:1:      lemuel_arrival_room, layout_basic
D:2:      layout_loops_ring

Skill      XL: |  1 |
---------------+----+-----
Stealth        | 3 |  3.1
Dodging        | |  2.0
Spellcasting   | |  2.2
Conjurations   | |  1.0
Fire Magic     | |  3.2

Action                   || total
-------------------------++-------
Melee: Spear             ||     5
       Constrict         ||     3
       Tentacles         ||     1
 Cast: Foxfire           ||    18
 Stab: Sleeping          ||     1
Armor: Skin              ||     6
Dodge: Dodged            ||    32
